 Dungeon Crawl Stone Soup version 0.32-a0-132-g2d33c3cfaf (webtiles) character file.

Game seed: 2574324284214705120

1131 Ceno the Changeling (level 8, -1/54 HPs)
             Began as an Octopode Shapeshifter on Feb 10, 2024.
             Slain by a black bear (5 damage)
             ... on level 5 of the Dungeon.
             The game lasted 00:08:12 (4306 turns).

Ceno the Changeling (Octopode Shapeshifter)         Turns: 4306, Time: 00:08:12

Health: -1/54      AC:  1    Str: 13    XL:     8   Next: 36%
Magic:  17/17      EV: 13    Int: 13    God:
Gold:   264        SH:  5    Dex: 13    Spells: 7/7 levels left

rFire   . .          .
                       - Unarmed
rCold   . . .        (no shield)
rNeg    . . .        (helmet currently unavailable)
rPois   +            h - amulet of reflection
rElec   .            j - ring of poison resistance
rCorr   .            w - ring of magical power
SInv    .            (no ring)
Will    .....        (no ring)
Stlth   ++           (no ring)
HPRegen 0.29/turn    (no ring)
MPRegen 0.15/turn    (no ring)
                     (no ring)

%: reflection
@: beast-form, studying Translocations
A: beast (slay +3), almost no armour, amphibious, 8 rings, camouflage 1,
gelatinous body 1, (nimble swimmer 1), tentacles
a: Begin Untransformation


You were on level 5 of the Dungeon.
You were a hulking beast.
You visited 1 branch of the dungeon, and saw 5 of its levels.

You collected 264 gold pieces.

Inventory:

Missiles
 m - 43 stones (quivered)
 n - 18 poisoned darts
 o - 6 darts of dispersal
Jewellery
 h - an amulet of reflection (around mantle)
 j - a ring of poison resistance (left tentacle)
 w - a ring of magical power (right tentacle)
Talismans
 b - a beast talisman
 c - a flux talisman
Scrolls
 e - 2 scrolls of teleportation {unknown}
 i - a scroll of blinking {unknown}
 l - a scroll of revelation {unknown}
 u - a scroll of vulnerability {unknown}
 x - a scroll of fog {unknown}
 y - a scroll of butterflies
Potions
 a - a potion of lignification
 d - 2 potions of mutation
 f - 2 potions of haste
 g - 2 potions of attraction
 k - 3 potions of magic
 p - 2 potions of degeneration {unknown}
 q - a potion of heal wounds {unknown}
 r - a potion of brilliance {unknown}
 s - 2 potions of might {unknown}
 t - a potion of resistance {unknown}
 v - a potion of enlightenment {unknown}
 z - a potion of curing {unknown}


   Skills:
 + Level 4.7 Fighting
 - Level 2.0 Dodging
 + Level 5.6 Unarmed Combat
 * Level 6.9 Shapeshifting


You had 7 spell levels left.
You didn't know any spells.
Your spell library contained the following spells:

 Spells                   Type           Power      Damage    Failure   Level
 Slow                     Hex            0%         N/A       30%         1
 Confusing Touch          Hex            0%         N/A       67%         3
 Sigil of Binding         Hex            0%         N/A       67%         3
 Vampiric Draining        Necr           0%         2d6       67%         3


Dungeon Overview and Level Annotations

Branches:
Dungeon (5/15)
 Temple: D:4-7

Altars:
Okawaru

Annotations:
D:4 Sigmund
D:5 exclusions: ice beast, jelly and wight


Innate Abilities, Weirdness & Mutations

You are a hulking beast.
Your limbs bulge with bestial killing power. (Slay +3)
You cannot wear most types of armour.
You are amphibious.
You can wear up to eight rings at the same time.
Your skin changes colour to match your surroundings (Stealth+).
Your rubbery body absorbs attacks. (AC +1, EV +1)
((You are camouflaged when in or above water. (Stealth+)))
You have tentacles for arms and can constrict up to eight enemies at once.


Message History

The hound is almost dead.
You constrict the hound.
You kill the hound!
You miss the water moccasin. Your grab misses the water moccasin.
You tentacle-slap the water moccasin. Your squeeze misses the water moccasin.
The water moccasin is lightly wounded.
The water moccasin barely misses you. The water moccasin bites you.
You miss the water moccasin. Your grab misses the water moccasin.
You tentacle-slap the water moccasin.
The water moccasin is moderately wounded.
The water moccasin bites you!
You bludgeon the water moccasin! You grab the water moccasin.
The water moccasin is heavily wounded.
You constrict the water moccasin.
A quokka comes into view.
The water moccasin closely misses you.
You tentacle-slap the water moccasin. You squeeze the water moccasin.
The water moccasin is almost dead.
You constrict the water moccasin.
You kill the water moccasin!
You tentacle-slap the ogre. x2
The ogre is lightly wounded.
The ogre hits you with a +0 giant club!!
* * * LOW HITPOINT WARNING * * *
You are too injured to fight recklessly!
You tentacle-slap the ogre. x2
The ogre is heavily wounded.
You tentacle-slap the ogre.
The ogre is severely wounded.
The ogre hits you with a +0 giant club!
* * * LOW HITPOINT WARNING * * *
You barely miss the ogre. You tentacle-slap the ogre!
The ogre is almost dead.
You tentacle-slap the ogre.
You kill the ogre!
You barely miss the black bear. Your grab misses the black bear.
You squeeze the black bear.
The black bear is moderately wounded.
The black bear bites you.
You die...

###### #....# ############ #....#
##.....#.....
#######....##########............
.................................
##..#######..########............
##†## ##.# ##...##...........
#..# .#####h....#........... ..##
.....rh(....#..........< ..##
..##'##.....#........... ...# #.
##...##........>.. ##.# #.
##.###........... ##)##### #.
#.#.#....####### .......# #
#.#....### # ###.#..# #.#....# ##
###.# ##. ##.###..# #.


You could see a black bear and a quokka.

Vanquished Creatures
  Grinder (D:4)
  A water moccasin (D:5)
  A black bear (D:4)
  3 ogres
  A scorpion (D:5)
  2 hounds
  A gnoll bouda (D:4)
  2 iguanas
  4 orc wizards (D:3)
  3 gnolls (D:4)
  3 adders (D:4)
  2 ufetubi (D:5)
  2 dart slugs
  4 ribbon worms
  12 orcs
  7 ball pythons
  8 endoplasms
  10 giant cockroaches
  9 goblins
  9 hobgoblins
  3 jackals (D:3)
  6 kobolds
  2 quokkas (D:4)
  7 bats
  4 rats
107 creatures vanquished.

Notes
Turn   | Place    | Note
-------+----------+-------------------------------------------
     0 | D:1      | Ceno the Octopode Shapeshifter began the quest for the Orb.
     0 | D:1      | Reached XP level 1. HP: 13/13 MP: 1/1
    76 | D:1      | Reached XP level 2. HP: 16/18 MP: 2/2
   915 | D:2      | Reached XP level 3. HP: 23/23 MP: 3/3
  1747 | D:3      | Reached XP level 4. HP: 29/29 MP: 4/4
  1970 | D:3      | Reached skill level 4 in Shapeshifting
  2575 | D:3      | Reached XP level 5. HP: 33/35 MP: 5/5
  2727 | D:4      | Noticed Sigmund
  2856 | D:4      | Reached XP level 6. HP: 7/41 MP: 6/6
  3017 | D:4      | Noticed a black bear
  3035 | D:4      | Killed a black bear
  3036 | D:4      | Reached skill level 5 in Shapeshifting
  3302 | D:4      | Noticed Grinder
  3317 | D:4      | Reached XP level 7. HP: 31/46 MP: 7/7
  3325 | D:4      | Killed Grinder
  3326 | D:4      | Reached skill level 6 in Shapeshifting
  3494 | D:4      | Found an iron altar of Okawaru.
  3507 | D:4      | Reached skill level 5 in Unarmed Combat
  3900 | D:5      | Entered Level 5 of the Dungeon
  4258 | D:5      | Reached XP level 8. HP: 54/54 MP: 8/8
  4306 | D:5      | Slain by a black bear

Illustrated notes

Levels and vault maps discovered:
D:1:      dpeg_arrival_chambers_temple_mockup, layout_basic
D:2:      layout_basic
D:3:      layout_loops_corners, serial_aquarium, aquarium_bridge_square
          [aquarium_subvault_wall, aquarium_subvault_bridge,
          aquarium_subvault_bridge, aquarium_subvault_balcony],
          aquarium_window_fake, aquarium_window_corridor_2, aquarium_window_1,
          aquarium_view_2c, aquarium_balcony_1b, minmay_misc_feat_rugged,
          st_stairs_14, kennysheep_generic_room_7
D:4:      wander_river, layout_basic, okawaru_trees_1, kennysheep_path_1,
          uniq_grinder, uniq_sigmund
D:5:      minmay_octagon_keep, layout_rooms, nicolae_figureground_pulse

Skill      XL: |  1  2  3  4  5  6  7 |
---------------+----------------------+-----
Fighting       | 2 3 4 |  4.7
Shapeshifting  | 4 5 6 |  6.9
Unarmed Combat | 4 5 |  5.6
Dodging        | |  2.0

Action                     |  1- 3 |  4- 6 |  7- 9 || total
---------------------------+-------+-------+-------++-------
  Melee: Unarmed           |    78 |    80 |    63 ||   221
         Tentacles         |    15 |    22 |    11 ||    48
         Constrict         |    27 |    28 |    13 ||    68
         Punch             |     2 |     4 |     7 ||    13
  Throw: Dart              |       |    13 |     9 ||    22
         Stone             |       |     1 |     1 ||     2
    Use: Scroll            |     2 |     1 |     2 ||     5
   Stab: Sleeping          |     4 |     3 |     1 ||     8
 Armour: Skin              |    24 |    19 |    26 ||    69
  Dodge: Dodged            |    28 |    19 |    32 ||    79
  Block: Other             |     8 |     5 |    10 ||    23
         Reflection        |       |     1 |       ||     1

Table legend: (Time is in decaauts)
 A = Elapsed time spent in this place.
 B = Non-inter-level travel time spent in this place.
 C = Inter-level travel time spent in this place.
 D = Time resting spent in this place.
 E = Time spent auto-exploring this place.
 F = Levels seen in this place.
 G = Mean time per level.
                   A        B        C        D        E       F      G
               +--------+--------+--------+--------+--------+-----+--------+
         Total |   4289 |   4174 |    115 |    224 |   3078 |   5 |  857.8 |
       Dungeon |   4289 |   4174 |    115 |    224 |   3078 |   5 |  857.8 |
               +--------+--------+--------+--------+--------+-----+--------+

Top non-repeatable levels by time:
     D:3: 1237 daAuts
     D:4: 1199 daAuts
     D:1: 901 daAuts
     D:2: 627 daAuts
     D:5: 323 daAuts
